Map: Pillars of Gold LE

Players

Serral - Winner!

  • Race: Zerg Zerg
  • League: Grandmaster
  • Spawn Location: 1:00

GOStephano (Stephano)

  • Race: Zerg Zerg
  • League: Grandmaster
  • Spawn Location: 7:00

Event: DreamHack SC2 Masters 2020 Winter

VOD

Have the link to the VOD?

Description

Time

  • Played on: Oct. 31, 2020, 2:42 p.m.
  • Length: 4:26

All games in this series

Show
View Real Time Build Order
Export as new Build Order

Serral Zerg - Winner!

Build Orders: Hatch First 

Get SALT Encoding   

  12  0:00  Drone  
  13  0:12  Overlord  
  13  0:17  Drone  
  14  0:31  Drone x2  
  16  0:50  Hatchery  
  16  0:53  Drone  
  16  0:56  Drone  
  17  1:00  Drone  
  18  1:09  Extractor  
  17  1:15  Spawning Pool  
  16  1:19  Drone  
  16  1:22  Drone  
  18  1:27  Drone  
  19  1:39  Drone  
  20  1:49  Drone  
  21  2:00  Overlord  
  21  2:02  Queen x2  
  21  2:03  Zergling x2  
  26  2:10  Metabolic Boost  
  26  2:12  Drone  
  26  2:14  Drone  
  28  2:21  Drone  
  29  2:28  Drone  
  30  2:35  Drone, Zergling x2  
  32  2:43  Hatchery  
  31  2:50  Baneling Nest  
  30  2:52  Overlord  
  30  2:56  Drone  
  32  2:58  Drone  
  32  3:00  Zergling x2  
  33  3:07  Drone x2  
  33  3:12  Zergling x6  
  38  3:16  Zergling x2  
  38  3:18  Zergling x2  
  41  3:20  Zergling x2  
  41  3:26  Overlord  
  41  3:27  Zergling x2  
  41  3:34  Zergling x2  
  43  3:35  Baneling x2  
  43  3:37  Drone  
  44  3:43  Evolution Chamber  
  44  3:45  Drone x4  
  47  3:50  Drone x2  
  49  3:56  Drone x3  
  52  4:04  Overlord  
  52  4:05  Drone  
  52  4:07  Drone  
  51  4:16  Extractor  
  50  4:18  Roach Warren  
Show
View Real Time Build Order
Export as new Build Order

GOStephano Zerg 

Build Orders: Hatch First 

Get SALT Encoding   

  12  0:00  Drone  
  13  0:12  Overlord  
  13  0:17  Drone  
  14  0:30  Drone x2  
  16  0:49  Hatchery  
  15  0:52  Drone  
  15  0:56  Drone  
  17  0:59  Drone  
  18  1:09  Extractor  
  17  1:15  Spawning Pool  
  17  1:18  Drone  
  17  1:22  Drone  
  18  1:28  Drone  
  19  1:39  Drone  
  20  1:50  Drone  
  21  2:01  Drone, Queen  
  22  2:02  Queen, Zergling x2  
  27  2:10  Metabolic Boost  
  27  2:12  Overlord  
  27  2:15  Drone  
  28  2:32  Drone  
  28  2:33  Drone  
  30  2:37  Hatchery  
  30  2:43  Queen  
  31  2:55  Drone, Baneling Nest  
  31  2:56  Drone  
  32  2:59  Overlord  
  32  3:06  Drone  
  32  3:08  Zergling x4  
  35  3:19  Drone  
  36  3:20  Zergling x8  
  40  3:29  Zergling x6  
  43  3:39  Baneling x4  
  44  3:41  Zergling x2  
  44  3:44  Baneling  
  44  3:48  Queen  
  44  3:51  Drone x3, Evolution Chamber  
  48  3:58  Drone x2  
  50  4:04  Drone  
  50  4:09  Drone x5  
Tags
 
Add a new tag
Caveats
  • Supply blocks, unpowered buildings, or Contaminate may cause inaccurate times.
  • Supply counts are checked every 10 seconds.